 Dungeon Crawl Stone Soup version 0.31-a0-626-g8143ab4f1d (webtiles) character file.

Game seed: 305435817462725199

33205 mandarbmax the Carver (level 13, -10/122 HPs)
             Began as a Grey Draconian Gladiator on Aug 24, 2023.
             Was the Champion of Jiyva.
             Mangled by a meliai
             ... wielding a +0 war axe
              (12 damage)
             ... on level 12 of the Dungeon.
             The game lasted 00:30:54 (9743 turns).

mandarbmax the Carver (Grey Draconian Gladiator)    Turns: 9743, Time: 00:30:57

Health: -10/122    AC: 17    Str: 14    XL:     13   Next: 35%
Magic:  13/13      EV: 11    Int: 20    God:    Jiyva [******]
Gold:   463        SH: 26    Dex: 16    Spells: 12/12 levels left

rFire   + . .        W - +2 long sword (vamp)
rCold   + . .        a - +18 shield of the Gong {Loud rN+ Will+ rCorr EV-5}
rNeg    + . .        (body armour unavailable)
rPois   +            b - +0 hat
rElec   .            C - +1 cloak {Stlth+}
rCorr   +            Z - +1 pair of gloves "War Zucw" {rF+ Int+3}
SInv    +            (no boots)
Will    +....        (no amulet)
Stlth   +++          i - ring of protection from cold
HPRegen 2.00/turn    k - ring of poison resistance
MPRegen 0.63/turn

%: no passive effects
@: slowed, very slow
A: AC +13, amphibious, unfitting armour, cold-blooded, see invisible, clever 2,
wild magic 3, pseudopods 1, evolution 2, jelly sensing items
a: Renounce Religion, Oozemancy, Slimify


You were on level 12 of the Dungeon.
You worshipped Jiyva.
Jiyva was exalted by your worship.
You visited 1 branch of the dungeon, and saw 12 of its levels.
You also visited: Sewer, Ossuary and Bailey.

You collected 715 gold pieces.
You spent 252 gold pieces at shops.

Inventory:

Hand Weapons
 u - the +5 long sword of Summer {venom, Will- rCorr Int+4}
   (You found it on level 12 of the Dungeon)

   Int+4:     It affects your intelligence (+4).
   Will-:     It decreases your willpower.
   rCorr:     It protects you from acid and corrosion.
 M - a +5 scimitar of freezing
 T - the +3 falchion of Aruhoek {freeze, rCorr Str-2 Dex+3}
   (You found it on level 10 of the Dungeon)

   Str-2:     It affects your strength (-2).
   Dex+3:     It affects your dexterity (+3).
   rCorr:     It protects you from acid and corrosion.
 W - a +2 vampiric long sword (weapon)
Missiles
 c - 3 throwing nets
 d - 8 javelins (quivered)
 O - 5 poisoned darts
 P - 4 curare-tipped darts
 V - 4 atropa-tipped darts
 Y - 4 boomerangs
Armour
 a - the +18 shield of the Gong (worn) {Loud rN+ Will+ rCorr EV-5}
   (You found it on level 11 of the Dungeon)

   Loud:      It is deafeningly noisy when blocking attacks.
   EV-5:      It affects your evasion (-5).
   rN+:       It protects you from negative energy.
   Will+:     It increases your willpower.
   rCorr:     It protects you from acid and corrosion.
 b - a +0 hat (worn)
 C - a +1 cloak of stealth (worn)
 Z - the +1 pair of gloves "War Zucw" (worn) {rF+ Int+3}
   (You found it on level 9 of the Dungeon)

   Int+3:     It affects your intelligence (+3).
   rF+:       It protects you from fire.
Jewellery
 i - a ring of protection from cold (left hand)
 k - a ring of poison resistance (right hand)
Wands
 q - a wand of polymorph (6)
 A - a wand of acid (11)
 J - a wand of mindburst (30)
 L - a wand of roots (15)
 S - a wand of digging (7)
 U - a wand of paralysis (9)
Scrolls
 e - a scroll of revelation
 h - 2 scrolls of amnesia
 j - 4 scrolls of teleportation
 m - 2 scrolls of vulnerability
 s - 3 scrolls of enchant weapon
 y - a scroll of blinking
 E - a scroll of brand weapon
 F - a scroll of fear
 H - a scroll of immolation {unknown}
 I - 5 scrolls of fog
 R - a scroll of summoning
Potions
 f - a potion of invisibility
 g - 3 potions of curing
 l - 2 potions of haste {unknown}
 n - 2 potions of ambrosia
 o - 4 potions of might {unknown}
 p - 4 potions of enlightenment
 r - a potion of lignification
 t - 2 potions of heal wounds {unknown}
 w - 2 potions of resistance {unknown}
 x - 2 potions of mutation
 z - 2 potions of brilliance
 G - 2 potions of magic {unknown}
 K - 2 potions of attraction {unknown}
 X - a potion of berserk rage


   Skills:
 + Level 13.3 Fighting
 + Level 14.1 Long Blades
 + Level 2.4 Throwing
 + Level 11.6 Dodging
 + Level 1.6 Stealth
 * Level 1.6 Shields


You had 12 spell levels left.
You didn't know any spells.
Your spell library contained the following spells:

 Spells                   Type           Power      Damage    Failure   Level
 Apportation              Tloc           0%         N/A       80%         1
 Kiss of Death            Conj/Necr      0%         2d5       80%         1
 Blink                    Tloc           0%         N/A       89%         2
 Lesser Beckoning         Tloc           0%         N/A       89%         2
 Sublimation of Blood     Necr           0%         N/A       89%         2
 Wereblood                Tmut           0%         N/A       89%         2
 Confusing Touch          Hex            0%         N/A       98%         3
 Gell's Gravitas          Tloc           0%         N/A       98%         3
 Inner Flame              Hex/Fire       0%         N/A       98%         3
 Teleport Other           Tloc           0%         N/A       98%         3
 Vhi's Electric Charge    Tloc/Air       0%         N/A       98%         3
 Animate Dead             Necr           0%         N/A       100%        4
 Dispel Undead            Necr           0%         3d6       100%        4
 Borgnjor's Vile Clutch   Necr/Erth      0%         N/A       100%        5
 Death Channel            Necr           0%         N/A       100%        6
 Summon Hydra             Summ           0%         N/A       100%        7
 Discord                  Hex            0%         N/A       100%        8


Dungeon Overview and Level Annotations

Branches:
Dungeon (12/15)            Temple (0/1) D:6            Lair (0/5) D:8
    Orc (0/2) D:9           Sewer (visited)         Ossuary (visited)
 Bailey (visited)

Altars:
Cheibriados
Dithmenos
Elyvilon
Fedhas
Hepliaklqana
Nemelex Xobeh
Okawaru
Ru
Sif Muna
Trog
Uskayaw
Wu Jian
Xom
Yredelemnul
Zin

Shops:
D:8 [   D:10 [?[   D:11 :

Annotations:
D:12 Nessos


Innate Abilities, Weirdness & Mutations

Your dull iron-grey scales are very hard. (AC +13)
You are amphibious.
You cannot fit into any form of body armour.
You are cold-blooded and may be slowed by cold attacks.
You have supernaturally acute eyesight. (SInv)
Your mind is very acute. (Int +8, Str/Dex -2)
Your spells are much harder to cast, but much more powerful.
Armour fits poorly on your pseudopods.
You have great hidden genetic potential.
You have a small jelly attached to you that senses nearby items.


Message History

The meliai hits you with a +0 war axe!
The meliai stings you but does no damage.
Nessos mumbles some strange words.
Nessos blinks!
The wraith hits you. The wraith drains your vigour!
You feel as though you will be slow longer.
You hear an angry buzzing noise.
Unknown command.
Unknown command.
Unknown command.
You miss the meliai.
The meliai is severely wounded.
You block the meliai's attack.
GONNNNG!
You block the meliai's attack.
PANG!
The meliai barely misses you. You block the meliai's attack.
GONNNNG!
The meliai hits you with a +0 war axe!! The meliai stings you.
Nessos mumbles some strange words.
Nessos blinks!
The meliai hits you with a +0 war axe!!
* * * LOW HITPOINT WARNING * * *
You block the meliai's attack.
GONNNNG!
The wraith hits you but does no damage. The meliai hits you but does no damage.
The meliai closely misses you.
You hear an angry buzzing noise. x2
You feel better. The meliai misses you. You block the meliai's attack.
PANG!
The meliai hits you with a +0 war axe.
* * * LOW HITPOINT WARNING * * *
The meliai closely misses you. You block the meliai's attack.
PTOANNNG!
You block the meliai's attack.
PANG!
You block the wraith's attack.
BONNNG!
The meliai hits you with a +0 war axe!!
* * * LOW HITPOINT WARNING * * *
The meliai stings you!
You die... ##......<# #.......# ...# .#......## yy.# .......## ∆ yyy#

##.....# .!.# #.....#
∆ ..!# ####.## ... #.#
#####'# #.# #.@yyy#
#.# ##W###### #.#
#.......# #####.##
#.......#
.......#######.§.....#
#####........'.......#
#.########.......# #.#
#.......# #.#
#....^..#


You could see a queen bee, a wraith, a meliai (berserk, corroded) and a killer
bee.

Vanquished Creatures
  An ice dragon (D:9)
  4 two-headed ogres
  A death yak (D:12)
  The ghost of amoryguerra the Cleaver, a novice MiBe of Trog (D:9)
  A moth of wrath (D:9)
  2 cyclopes
  2 vault sentinels (D:11)
  Joseph (D:7)
  An unseen horror (D:11)
  3 komodo dragons
  A gargoyle (D:10)
  2 polar bears (D:12)
  A troll (D:11)
  2 meliai (D:12)
  A hornet (D:10)
  2 shadows (D:9)
  2 wraiths (Ossuary)
  5 spriggans (Bailey)
  3 wyverns
  4 fire bats (D:8)
  15 yaks
  A basilisk (D:11)
  A fire elemental (D:8)
  A steam dragon (Bailey)
  A redback (D:9)
  An acid dragon (D:10)
  4 water moccasins
  A hell hound (D:8)
  6 ice beasts
  5 orc warriors
  A sky beast (D:6)
  A black bear (D:6)
  12 ogres
  2 phantoms
  6 centaurs
  2 kobold brigands (D:8)
  A gnoll sergeant (D:10)
  6 bullfrogs
  6 scorpions
  9 wights
  16 killer bees
  7 electric eels
  6 howler monkeys
  2 lava snakes (D:8)
  3 hounds
  2 jellies (Sewer)
  3 orc priests
  3 gnoll boudas (D:8)
  6 iguanas
  Ijyb (D:3)
  A sleepcap (D:8)
  3 orc wizards
  2 adders
  14 gnolls
  A river rat (Sewer)
  2 white imps
  5 ufetubi
  An adder zombie (Ossuary)
  4 worms
  3 dart slugs
  29 orcs
  12 endoplasms
  7 giant cockroaches
  10 goblins
  8 hobgoblins
  4 jackals
  3 kobolds (D:2)
  7 ball pythons
  A ball python skeleton (Ossuary)
  4 bats
  12 frilled lizards
  A hobgoblin skeleton (Ossuary)
  A hobgoblin zombie (Ossuary)
  3 kobold zombies (Ossuary)
  2 orc skeletons (Ossuary)
  An orc zombie (Ossuary)
  7 rats
319 creatures vanquished.

Vanquished Creatures (others)
  An unseen horror (D:12)
  A centaur simulacrum (D:12)
  A wraith (D:12)
  A water elemental (D:12)
  A water moccasin (D:6)
  An orc warrior (D:9)
  A meliai simulacrum (D:12)
  2 ice beasts (D:12)
  An ogre (D:8)
  3 centaurs
  A phantom (D:7)
  22 jellies
  A hound (D:7)
  2 orc wizards (D:9)
  An adder (D:3)
  2 white imps (D:12)
  2 endoplasms
  7 orcs
  3 goblins (D:7)
  A quokka (D:4)
  A ball python (D:3)
56 creatures vanquished.

Grand Total: 375 creatures vanquished

Notes
Turn   | Place    | Note
-------+----------+-------------------------------------------
     0 | D:1      | mandarbmax the Draconian Gladiator began the quest for the
                  | Orb.
     0 | D:1      | Reached XP level 1. HP: 17/17 MP: 1/1
    74 | D:1      | Reached XP level 2. HP: 24/24 MP: 2/2
   223 | D:1      | Reached skill level 4 in Long Blades
   224 | D:1      | Reached XP level 3. HP: 26/29 MP: 3/3
   747 | D:2      | Got Erphix's Almanac of Location
   963 | D:2      | Found a white marble altar of Elyvilon.
  1579 | D:3      | Reached XP level 4. HP: 32/36 MP: 4/4
  1582 | D:3      | Found a basalt altar of Yredelemnul.
  1621 | D:3      | Found a glowing drain.
  1631 | Sewer    | Entered a sewer
  1742 | Sewer    | Reached skill level 5 in Long Blades
  1867 | Sewer    | Found a viscous altar of Jiyva.
  1874 | Sewer    | Reached XP level 5. HP: 39/42 MP: 5/5
  1909 | Sewer    | Became a worshipper of Jiyva Jyzeth the Shapeless
  2150 | D:3      | Found a blossoming altar of Fedhas.
  2258 | D:3      | Found an iron altar of Okawaru.
  2279 | D:3      | Noticed Ijyb
  2304 | D:3      | Killed Ijyb
  2420 | D:3      | Found a sparkling altar of Nemelex Xobeh.
  2453 | D:3      | Reached * piety under Jiyva
  2799 | D:4      | Noticed an ice beast
  2807 | D:4      | Killed an ice beast
  2808 | D:4      | Reached skill level 6 in Long Blades
  2808 | D:4      | Reached XP level 6. HP: 43/51 MP: 6/6
  3056 | D:4      | Noticed an ice beast
  3082 | D:4      | Killed an ice beast
  3083 | D:4      | Your scales start taking on a dull iron-grey colour.
  3083 | D:4      | Reached XP level 7. HP: 53/59 MP: 7/7
  3090 | D:4      | Found a hazy altar of Hepliaklqana.
  3409 | D:5      | Entered Level 5 of the Dungeon
  3490 | D:5      | Reached skill level 7 in Long Blades
  3520 | D:5      | Reached ** piety under Jiyva
  3738 | D:5      | Reached skill level 5 in Fighting
  3738 | D:5      | Reached XP level 8. HP: 68/68 MP: 8/8
  3856 | D:5      | Reached *** piety under Jiyva
  3856 | D:5      | Gained mutation: Your natural rate of healing is unusually
                  | fast. [Jiyva's grace]
  3856 | D:5      | Gained mutation: You heal very quickly. [Jiyva's grace]
  3856 | D:5      | Gained mutation: You regenerate. [Jiyva's grace]
  3856 | D:5      | Gained mutation: You have sharp toenails. [Jiyva's grace]
  4084 | D:6      | Reached skill level 8 in Long Blades
  4084 | D:6      | Reached skill level 5 in Dodging
  4124 | D:6      | Found a snail-covered altar of Cheibriados.
  4138 | D:6      | Found a sand-covered staircase.
  4146 | Ossuary  | Entered an ossuary
  4233 | Ossuary  | Noticed a flying skull
  4241 | Ossuary  | Noticed a flying skull
  4247 | Ossuary  | Noticed a flying skull
  4261 | Ossuary  | Noticed a flying skull
  4284 | Ossuary  | Noticed a flying skull
  4350 | Ossuary  | Reached skill level 9 in Long Blades
  4482 | D:6      | Reached XP level 9. HP: 77/77 MP: 9/9
  4503 | D:6      | Noticed a two-headed ogre
  4513 | D:6      | Killed a two-headed ogre
  4590 | D:6      | Found a staircase to the Ecumenical Temple.
  4592 | D:6      | Reached **** piety under Jiyva
  4638 | D:6      | Reached skill level 10 in Long Blades
  4891 | D:7      | Found a flagged portal.
  4901 | Bailey   | Entered a bailey
  4936 | Bailey   | Reached XP level 10. HP: 88/88 MP: 10/10
  4942 | Bailey   | Reached skill level 11 in Long Blades
  4988 | Bailey   | Noticed a two-headed ogre
  4988 | Bailey   | Found the +7 great mace "Undeadhunter" {deathbane, rN+}
  4997 | Bailey   | Killed a two-headed ogre
  5096 | D:7      | Found a hide-covered altar of Uskayaw.
  5116 | D:7      | Noticed Joseph
  5127 | D:7      | Killed Joseph
  5475 | D:8      | Lost mutation: You regenerate. [Jiyva's grace]
  5475 | D:8      | Gained mutation: Armour fits poorly on your pseudopods.
                  | [Jiyva's grace]
  5475 | D:8      | Gained mutation: Armour fits poorly on your large
                  | pseudopods. [Jiyva's grace]
  5475 | D:8      | Gained mutation: Armour fits poorly on your massive
                  | pseudopods. [Jiyva's grace]
  5475 | D:8      | Gained mutation: You have razor-sharp toenails. [Jiyva's
                  | grace]
  5546 | D:8      | Found a glowing silver altar of Zin.
  5646 | D:8      | Reached skill level 12 in Long Blades
  5884 | D:8      | Reached ***** piety under Jiyva
  5994 | D:8      | Got the Encyclopedia of the Door and Bewitchment
  6122 | D:8      | Found Giped's Antique Armour Boutique.
  6129 | D:8      | Bought a pair of runed gloves for 157 gold pieces
  6212 | D:8      | Reached XP level 11. HP: 97/97 MP: 11/11
  6215 | D:8      | Found a staircase to the Lair.
  6520 | D:9      | Reached skill level 13 in Long Blades
  6571 | D:9      | Found a shadowy altar of Dithmenos.
  6599 | D:9      | Found a shimmering altar of Xom.
  6706 | D:9      | Found a shimmering blue altar of Sif Muna.
  6769 | D:9      | Found a transporter.
  6805 | D:9      | Noticed an ice dragon
  6806 | D:9      | Noticed amoryguerra's ghost (novice MiBe)
  6806 | D:9      | You fall into a shaft and drop 2 floors!
  6806 | D:11     | Lost mutation: You heal very quickly. [Jiyva's grace]
  6806 | D:11     | Lost mutation: Your natural rate of healing is unusually
                  | fast. [Jiyva's grace]
  6806 | D:11     | Lost mutation: Armour fits poorly on your massive
                  | pseudopods. [Jiyva's grace]
  6806 | D:11     | Gained mutation: You have a small jelly attached to you
                  | that senses nearby items. [Jiyva's grace]
  6806 | D:11     | Gained mutation: Your spells are a little harder to cast,
                  | but a little more powerful. [Jiyva's grace]
  6806 | D:11     | Gained mutation: Your spells are harder to cast, but more
                  | powerful. [Jiyva's grace]
  6806 | D:11     | Gained mutation: Your spells are much harder to cast, but
                  | much more powerful. [Jiyva's grace]
  6827 | D:10     | Entered Level 10 of the Dungeon
  6827 | D:10     | Found Wuip's Magic Scroll Boutique.
  6830 | D:10     | Bought a scroll of summoning for 95 gold pieces
  6893 | D:10     | Reached skill level 10 in Fighting
  6910 | D:10     | Identified the +3 falchion of Aruhoek {freeze, rCorr Str-2
                  | Dex+3}
  6918 | D:10     | Found Tatoutio's Armour Shop.
  6955 | D:10     | Found an ornate altar of the Wu Jian Council.
  6987 | D:10     | Reached ****** piety under Jiyva
  7080 | D:10     | Found Fufuawurph's Armour Emporium.
  7390 | D:10     | Noticed a two-headed ogre
  7402 | D:10     | Killed a two-headed ogre
  7879 | D:10     | Reached skill level 14 in Long Blades
  8023 | D:9      | Found a staircase to the Orcish Mines.
  8152 | D:9      | Found a bloodstained altar of Trog.
  8152 | D:9      | Found a sacrificial altar of Ru.
  8236 | D:9      | Noticed a two-headed ogre
  8244 | D:9      | Killed a two-headed ogre
  8309 | D:9      | Found a transporter.
  8427 | D:9      | Reached XP level 12. HP: 101/110 MP: 10/12
  8434 | D:9      | Lost mutation: Armour fits poorly on your large pseudopods.
                  | [potion of mutation]
  8434 | D:9      | Lost mutation: You have razor-sharp toenails. [potion of
                  | mutation]
  8434 | D:9      | Gained mutation: You have supernaturally acute eyesight.
                  | (SInv) [potion of mutation]
  8434 | D:9      | Lost mutation: You have sharp toenails. [potion of
                  | mutation]
  8436 | D:9      | Killed an ice dragon
  8437 | D:9      | Reached skill level 10 in Dodging
  8438 | D:9      | Killed amoryguerra's ghost
  8441 | D:9      | Identified the +1 pair of gloves "War Zucw" {rF+ Int+3}
  8660 | D:11     | Reached XP level 13. HP: 122/122 MP: 13/13
  8787 | D:11     | Gained mutation: You have hidden genetic potential.
                  | [Jiyva's grace]
  8787 | D:11     | Gained mutation: You have great hidden genetic potential.
                  | [Jiyva's grace]
  8787 | D:11     | Gained mutation: Your mind is acute. (Int +4, Str/Dex -1)
                  | [Jiyva's grace]
  8787 | D:11     | Gained mutation: Your mind is very acute. (Int +8, Str/Dex
                  | -2) [Jiyva's grace]
  8894 | D:11     | Found Gocraopp's Self-Published Books.
  9202 | D:11     | Reached skill level 1 in Stealth
  9282 | D:11     | Found the +18 shield of the Gong {Loud rN+ Will+ rCorr
                  | EV-5}
  9524 | D:12     | Reached skill level 1 in Shields
  9575 | D:12     | Found a glowing silver altar of Zin.
  9575 | D:12     | Noticed an angel
  9617 | D:12     | Identified the +5 long sword of Summer {venom, Will- rCorr
                  | Int+4}
  9690 | D:12     | Noticed Nessos
  9743 | D:12     | HP: 2/122 [meliai/+0 war axe (22)]
  9743 | D:12     | Mangled by a meliai

Illustrated notes

Levels and vault maps discovered:
D:1:      nicolae_arrival_escape_room, layout_rooms,
          chequers_serial_rivers_small_a
D:2:      layout_basic, basic_altar
D:3:      layout_loops_ring, fedhas_ov_isle_minmay, overflow_temple_1_default,
          mainiacjoe_overflow_24_doors, marbit_many_paths,
          cheibrodos_sewer_entry_drain, uniq_ijyb
D:4:      layout_basic, worldfamousw_hep_ancestral_shrine
D:5:      layout_rooms, serial_rivers, chequers_serial_rivers_small_b,
          chequers_serial_rivers_micro_c, chequers_serial_rivers_large_b,
          chequers_serial_rivers_micro_a, chequers_serial_rivers_room_b,
          grunt_ministairs_2, nicolae_sextant
D:6:      layout_rooms, old_standard_altar, temple_statues, enter_ossuary_3
D:7:      layout_cave_pools, lemuel_coloured_pillars_altar, enter_bailey_5,
          minmay_misc_feat_x, kennysheep_generic_room_16, uniq_joseph
D:8:      kennysheep_seaside_town, layout_loops_corners, old_standard_altar,
          minmay_lair_entry_grove, serial_shops, shop, hangedman_incinerator
D:9:      layout_loops_ring, amethyst_overflow_temple_binary,
          mainiacjoe_overflow_six_doors_small, xom_confusion_cloud,
          lemuel_tele_altar, hiddenorc1_lemuel,
          gammafunk_ghost_berserking_beasts
D:10:     kennysheep_ambush_hall, layout_basic, nicolae_wu_jian_wuxing_cycle,
          serial_shops, shop, nicolae_take_the_stairs,
          nicolae_shop_window_shopping
D:11:     layout_stronghold, hangedman_decor_growths, minivault_4,
          nicolae_custom_books, hellmonk_guarded_unrand_gong
D:12:     layout_roguey [special_room_bee], serial_ice, serial_ice_j,
          serial_ice_n, serial_ice_m, serial_ice_c, serial_ice_g, serial_ice_f,
          serial_ice_o, serial_ice_d, zin_angel, uniq_erolcha, uniq_nessos

Skill      XL: |  1  2  3  4  5  6  7  8  9 10 11 12 13 |
---------------+----------------------------------------+-----
Dodging        | 3 4 5 7 8 9 11 | 11.6
Long Blades    | 4 5 6 7 9 10 12 14 | 14.1
Fighting       | 3 4 5 6 7 9 11 13 | 13.3
Throwing       | 2 |  2.4
Stealth        | 1 |  1.6
Shields        | 1 |  1.6

Action                     |  1- 3 |  4- 6 |  7- 9 | 10-12 | 13-15 || total
---------------------------+-------+-------+-------+-------+-------++-------
  Melee: Long sword        |   146 |   195 |   159 |    68 |   155 ||   723
         Tailslap          |    12 |    23 |    41 |    53 |    35 ||   164
         Punch             |     3 |     1 |       |       |       ||     4
         Kick              |       |       |    53 |   118 |       ||   171
         Scimitar          |       |       |    59 |   227 |       ||   286
         Pseudopods        |       |       |       |    68 |    39 ||   107
  Throw: Javelin           |       |       |     1 |       |     4 ||     5
         Dart              |       |       |       |     6 |     6 ||    12
 Invoke: Oozemancy         |       |       |     1 |     2 |       ||     3
  Evoke: Wand              |       |       |     1 |     1 |     1 ||     3
    Use: Scroll            |     2 |       |     8 |     6 |     2 ||    18
         Potion            |       |       |     1 |     5 |     1 ||     7
   Stab: Sleeping          |     2 |     1 |     2 |     1 |       ||     6
 Armour: Skin              |    57 |    58 |    58 |    88 |    68 ||   329
  Dodge: Dodged            |    99 |   145 |   158 |   269 |    70 ||   741
  Block: Kite shield       |       |       |       |       |   232 ||   232

Table legend: (Time is in decaauts)
 A = Elapsed time spent in this place.
 B = Non-inter-level travel time spent in this place.
 C = Inter-level travel time spent in this place.
 D = Time resting spent in this place.
 E = Time spent auto-exploring this place.
 F = Levels seen in this place.
 G = Mean time per level.
                   A        B        C        D        E       F      G
               +--------+--------+--------+--------+--------+-----+--------+
         Total |   9780 |   9287 |    493 |     56 |   6011 |  15 |  652.0 |
       Dungeon |   8862 |   8369 |    493 |     56 |   5717 |  12 |  738.5 |
         Sewer |    424 |    424 |      0 |      0 |    190 |   1 |  424.0 |
       Ossuary |    338 |    338 |      0 |      0 |     66 |   1 |  338.0 |
        Bailey |    155 |    155 |      0 |      0 |     37 |   1 |  155.0 |
               +--------+--------+--------+--------+--------+-----+--------+

Top non-repeatable levels by time:
    D:10: 1182 daAuts
     D:8: 1005 daAuts
     D:2: 925 daAuts
     D:9: 877 daAuts
    D:11: 875 daAuts
     D:4: 785 daAuts
     D:3: 704 daAuts
     D:5: 663 daAuts
     D:1: 661 daAuts
     D:7: 540 daAuts
   Sewer: 424 daAuts
     D:6: 371 daAuts
 Ossuary: 338 daAuts
    D:12: 270 daAuts
  Bailey: 155 daAuts
